 Dungeon Crawl Stone Soup version 0.22.0-60-ga52c2fc (webtiles) character file.

133 Starchild the Bolt Thrower (level 5, 0/29 HPs)
             Began as a Kobold Arcane Marksman on Sept 10, 2018.
             Slain by a worker ant (1 damage)
             ... on level 4 of the Dungeon.
             The game lasted 00:08:59 (2776 turns).

Starchild the Bolt Thrower (Kobold Arcane Marksman) Turns: 2776, Time: 00:09:00

Health: 0/29       AC:  4    Str:  7    XL:     5   Next: 39%
Magic:  3/6        EV: 20    Int: 16    God:
Gold:   58         SH:  0    Dex: 20    Spells: 3/6 levels left

rFire    . . .     SeeInvis .   a - +0 hand crossbow
rCold    . . .     Gourm    .   (shield restricted)
rNeg     . . .     Faith    .   e - +0 robe
rPois    .         Spirit   .   (helmet restricted)
rElec    .         Reflect  .   (no cloak)
rCorr    .         Harm     .   (no gloves)
MR       .....     Rnd*Rage +   (no boots)
Stlth    +++.......             (no amulet)
HPRegen  0.09/turn              (no ring)
MPRegen  0.10/turn              (no ring)

@: agile, lethally poisoned (0 -> -5)
A: small, horns 1, talons 1, iridescent scales 1, berserk 1, carnivore
a: no special abilities


You were on level 4 of the Dungeon.
You were hungry.

You visited 1 branch of the dungeon, and saw 4 of its levels.

You collected 58 gold pieces.

Inventory:

Hand Weapons
 a - a +0 hand crossbow (weapon)
 o - a +0 dagger
Missiles
 d - a bolt (quivered)
 g - 65 stones
Armour
 e - a +0 robe (worn)
 p - a +0 helmet
Jewellery
 h - an uncursed amulet of rage {unknown}
Scrolls
 b - a scroll of amnesia {unknown}
 i - 8 scrolls of identify {unknown}
 j - 3 scrolls of teleportation {unknown}
 k - 2 scrolls of enchant armour {unknown}
 l - a scroll of immolation {unknown}
 m - a scroll of fear {unknown}
Potions
 c - a potion of flight
 n - a potion of mutation
 q - a potion of cancellation
Comestibles
 f - 9 rations


   Skills:
 - Level 1.1 Fighting
 * Level 2.3 Short Blades
 + Level 4.5 Crossbows
 - Level 2.4 Dodging
 - Level 1.1 Spellcasting
 - Level 4.2 Hexes


You had 3 spell levels left.
You knew the following spells:

 Your Spells              Type           Power        Failure   Level  Hunger
a - Corona                Hex            ##.....      4%          1    ##.....
b - Slow                  Hex            ##......     6%          2    ###....

Your spell library contained the following spells:

 Spells                   Type           Power        Failure   Level  Hunger
 Inner Flame              Hex/Fire       #.......     28%         3    ####...
 Portal Projectile        Hex/Tloc       #.....       28%         3    ####...
 Cause Fear               Hex            ##........   38%         4    #####..
 Leda's Liquefaction      Hex/Erth       #.........   67%         4    #####..


Dungeon Overview and Level Annotations

Branches:
Dungeon (4/15)
 Temple: D:4-7

Altars:
Ashenzari
Wu Jian


Innate Abilities, Weirdness & Mutations

You are small and have problems with some larger weapons.
You are carnivorous and can eat meat at any time.
You have a pair of small horns on your head.
You have sharp toenails.
You are partially covered in iridescent scales. (AC +2)
You tend to lose your temper in combat.


Message History

* * * LOW HITPOINT WARNING * * *
You feel sick. The worker ant misses you.
* * * LOW HITPOINT WARNING * * *
You feel sick.
It was a potion of cancellation.
Your magical effects are unravelling.
You feel magically purged.
You float gracefully downwards.
The ogre is no longer moving slowly.
The worker ant closely misses you. x2
It was a potion of mutation.
You feel extremely strange.
You feel a little pissed off. A pair of horns grows on your head!
Your +0 helmet falls away!
Your toenails lengthen and sharpen.
Iridescent scales grow over part of your body.
* * * LOW HITPOINT WARNING * * *
You feel sick. The worker ant bites you.
* * * LOW HITPOINT WARNING * * *
It was a potion of agility.
You feel agile all of a sudden. The worker ant bites you.
You die...

..#............#....#
..#######......#....#...
........#......#........
........#......#'###.≈≈
........######.......≈?≈
.............#.......≈≈≈
.............'..........
.##....##..##..........
##...@#####....#+#####
#...Oa.# #....# #......#
#....# +......# #....# .
#......# #....# #.
#####(.# ...# #..
#......# . .. #......#
...#.##......#


You could see an ogre and a worker ant.

Vanquished Creatures
  Terence (D:3)
  Natasha (twice) (D:3)
  2 adders (D:3)
  An adder skeleton (D:4)
  2 worms (D:3)
  2 leopard geckos
  An orc (D:3)
  7 bats
  A giant cockroach (D:1)
  2 goblins
  4 hobgoblins
  2 kobolds
  A quokka (D:2)
  A ball python (D:3)
  4 frilled lizards
  2 rats
35 creatures vanquished.

Notes
Turn   | Place    | Note
-------+----------+-------------------------------------------
     0 | D:1      | Starchild the Kobold Arcane Marksman began the quest for
                  | the Orb.
     0 | D:1      | Reached XP level 1. HP: 12/12 MP: 2/2
   393 | D:1      | Reached XP level 2. HP: 16/16 MP: 3/3
   669 | D:2      | Learned a level 2 spell: Slow
  1329 | D:2      | You fall through a shaft!
  1329 | D:3      | Found an ornate altar of the Wu Jian Council.
  1358 | D:3      | Reached XP level 3. HP: 20/20 MP: 1/4
  1841 | D:3      | Reached XP level 4. HP: 25/25 MP: 5/5
  1945 | D:3      | Noticed Terence
  1987 | D:3      | Killed Terence
  1987 | D:3      | Reached skill level 1 in Short Blades
  2218 | D:3      | Noticed Natasha
  2237 | D:3      | Killed Natasha
  2237 | D:3      | Reached XP level 5. HP: 6/29 MP: 4/6
  2488 | D:3      | Noticed Natasha
  2495 | D:3      | Killed Natasha
  2753 | D:4      | Found a shattered altar of Ashenzari.
  2753 | D:4      | Noticed an ogre
  2775 | D:4      | Gained mutation: You tend to lose your temper in combat.
                  | [potion of mutation]
  2775 | D:4      | Gained mutation: You have a pair of small horns on your
                  | head. [potion of mutation]
  2775 | D:4      | Gained mutation: You have sharp toenails. [potion of
                  | mutation]
  2775 | D:4      | Gained mutation: You are partially covered in iridescent
                  | scales. (AC +2) [potion of mutation]
  2775 | D:4      | HP: 1/29 [worker ant (3)]
  2776 | D:4      | Slain by a worker ant

Skill      XL: |  1  2  3  4  5 |
---------------+----------------+-----
Hexes          | 4 |  4.2
Crossbows      | 3 4 |  4.5
Short Blades   | 1 2 |  2.3
Fighting       | |  1.1
Dodging        | |  2.4
Spellcasting   | |  1.1

Action                   |  1- 3 |  4- 6 || total
-------------------------+-------+-------++-------
Melee: Dagger            |    19 |    44 ||    63
 Fire: Hand crossbow     |    56 |    34 ||    90
 Cast: Corona            |     7 |    12 ||    19
       Slow              |       |     4 ||     4
  Use: Potion            |       |     4 ||     4
 Stab: Sleeping          |       |     1 ||     1
  Eat: Chunk             |     2 |     4 ||     6
Armor: Robe              |     4 |     8 ||    12
Dodge: Dodged            |    30 |    42 ||    72
